 Dungeon Crawl Stone Soup version 0.28-a0-503-g83f2989fac (webtiles) character file.

Game seed: 2243411852528230664

672 robertstho the Magician (level 7, 0/49 HPs)
             Began as a Djinni Fire Elementalist on Sept 20, 2021.
             Slain by Edmund (5 damage)
             ... on level 4 of the Dungeon.
             The game lasted 00:04:40 (4736 turns).

robertstho the Magician (Djinni Fire Elementalist)  Turns: 4736, Time: 00:04:41

Health: 0/49       AC:  2    Str:  7    XL:     7   Next: 90%
Gold:   164        EV: 12    Int: 18    God:
                   SH:  0    Dex: 14

rFire   + + .      SeeInvis .   m - +0 rapier (vamp)
rCold   . . .      Faith    .   (no shield)
rNeg    . . .      Spirit   .   a - +0 robe
rPois   ∞          Reflect  .   (no helmet)
rElec   .          Harm     .   (no cloak)
rCorr   .          Rampage  .   (no gloves)
Will    .....                   (boots unavailable)
Stlth   ++........              (no amulet)
HPRegen 0.16/turn               b - ring of protection from cold
MPRegen 0.00/turn               (no ring)

@: flying
A: sickness immunity, fire resistance 2, cold vulnerability 1, float, innate
caster, hp casting, extra vitality 1
a: no special abilities


You were on level 4 of the Dungeon.
You visited 1 branch of the dungeon, and saw 4 of its levels.

You collected 164 gold pieces.

Inventory:

Hand Weapons
 d - a +0 dagger
 h - a +0 dagger of speed
 l - a +1 short sword of draining
 m - a +0 vampiric rapier (weapon)
Armour
 a - a +0 robe (worn)
Magical Staves
 n - a staff of air
Jewellery
 b - a ring of protection from cold (left hand)
Wands
 j - a wand of flame (8)
Scrolls
 c - a scroll of fear {unknown}
 f - a scroll of magic mapping
 g - 2 scrolls of immolation
 p - 3 scrolls of acquirement {unknown}
Potions
 e - a potion of berserk rage {unknown}
 i - 3 potions of heal wounds
 k - 2 potions of brilliance {unknown}
 o - a potion of haste {unknown}


   Skills:
 * Level 2.3 Fighting
 + Level 2.6 Dodging
 + Level 2.2 Stealth
 * Level 6.0 Spellcasting


You couldn't memorise any spells.
You knew the following spells:

 Your Spells              Type           Power      Damage    Failure   Level
a - Foxfire               Conj/Fire      100%       2x1d9     1%          1
b - Scorch                Fire           54%        2d8       1%          2
c - Conjure Flame         Conj/Fire      27%        6-21      3%          3
d - Inner Flame           Hex/Fire       27%        N/A       3%          3
e - Flame Wave            Conj/Fire      27%        3d6       10%         4
f - Sting                 Tmut/Pois      100%       1d8       1%          1
g - Static Discharge      Conj/Air       27%        N/A       1%          2
h - Mephitic Cloud        Conj/Pois/Air  27%        N/A       3%          3
Your spell library was empty.

Dungeon Overview and Level Annotations

Branches:
Dungeon (4/15)
 Temple: D:4-7

Altars:
Ru

Shops:
D:3 *

Annotations:
D:4 Edmund


Innate Abilities, Weirdness & Mutations

You are immune to sickness and miasma.
You are immune to poison.
Your flesh is very heat resistant. (rF++)
You are vulnerable to cold. (rC-)
You float through the air rather than walking.
You learn spells naturally, not from books.
Your magical power is your life essence.
You have superior vitality. (+4 HP)


Message History

Press: ? - help, Q - select action, (/) - cycle Dir - look around, f - activate You conjure some foxfire!
A goblin comes into view. It is wielding a +0 club.
An adder comes into view.
Unknown command.
Casting: Foxfire (safe; 1% risk of failure)
Confirm with . or Enter, or press ? or * to list all spells.
Flames lash Edmund.
Edmund is severely wounded.
Edmund's fire resistance burns away.
The foxfire hits Edmund but does no damage.
Edmund is severely wounded.
The foxfire hits Edmund but does no damage.
Edmund is severely wounded.
Casting: Scorch (safe; 1% risk of failure)
Confirm with . or Enter, or press ? or * to list all spells.
Flames lash Edmund but do no damage.
Edmund hits you with a +3 dire flail of protection!
Unknown command.
Casting: Scorch (safe; 1% risk of failure)
Confirm with . or Enter, or press ? or * to list all spells.
Flames lash Edmund.
Edmund is burned terribly!
Edmund is almost dead.
Edmund barely misses you.
Unknown command.
Casting: Scorch (safe; 1% risk of failure)
Confirm with . or Enter, or press ? or * to list all spells.
Flames lash the adder.
You kill the adder!
Edmund hits you with a +3 dire flail of protection!
* * * LOW HITPOINT WARNING * * *
Unknown command.
Casting: Scorch (safe; 1% risk of failure)
Confirm with . or Enter, or press ? or * to list all spells.
Flames lash the goblin.
The goblin is almost dead.
The goblin's fire resistance burns away.
* * * LOW HITPOINT WARNING * * *
Edmund hits you with a +3 dire flail of protection.
You die...

..# ##.## ...
...##..>##..##..
..?.....#....#..
........#.......
............... ..
...○.....g..... .
...°.......# ... #
......@@...## ...##
............####. #..#
........##..#...... #..#
.......# ##.#...... #...
......### #....#.# ###..
#......###....# # #....
.#...(†........###.###....
........#.......)..#......
........#.................


You could see Edmund (combustible) and a goblin (combustible).

Vanquished Creatures
  Grinder (D:4)
  Eustachio (D:4)
  Blork the orc (D:4)
  An orc priest (D:4)
  A hound (D:4)
  An orc wizard (D:3)
  Natasha (thrice) (D:2)
  2 adders
  2 adder skeletons (D:4)
  A worm (D:4)
  3 dart slugs
  4 orcs
  5 endoplasms
  7 hobgoblins
  8 jackals
  11 kobolds
  4 quokkas
  7 ball pythons
  4 bats
  A frilled lizard (D:2)
  9 goblins
  3 rats
80 creatures vanquished.

Vanquished Creatures (others)
  261 foxfires
261 creatures vanquished.

Grand Total: 341 creatures vanquished

Notes
Turn   | Place    | Note
-------+----------+-------------------------------------------
     0 | D:1      | robertstho the Djinni Fire Elementalist began the quest for
                  | the Orb.
     0 | D:1      | Reached XP level 1. HP: 15/15 MP: 0/0
   441 | D:1      | Reached XP level 2. HP: 19/22 MP: 0/0
   898 | D:1      | Found a faded altar of an unknown god.
   907 | D:1      | Reached skill level 3 in Spellcasting
  1154 | D:1      | Reached XP level 3. HP: 22/26 MP: 0/0
  1154 | D:1      | Learned a level 1 spell: Sting
  2094 | D:2      | Noticed Natasha
  2099 | D:2      | Killed Natasha
  2100 | D:2      | Reached skill level 1 in Fighting
  2100 | D:2      | Reached XP level 4. HP: 23/32 MP: 0/0
  2184 | D:2      | Noticed Natasha
  2189 | D:2      | Killed Natasha
  2255 | D:2      | Noticed Natasha
  2260 | D:2      | Killed Natasha
  2261 | D:2      | Reached XP level 5. HP: 33/37 MP: 0/0
  2261 | D:2      | Learned a level 2 spell: Static Discharge
  2504 | D:2      | Reached skill level 4 in Spellcasting
  3171 | D:3      | Found Peivve Dack's Assorted Antiques.
  3473 | D:3      | Found a sacrificial altar of Ru.
  3927 | D:4      | Noticed Eustachio
  3927 | D:4      | Noticed Blork the orc
  3936 | D:4      | Reached XP level 6. HP: 25/42 MP: 0/0
  3937 | D:4      | Killed Blork the orc
  3940 | D:4      | Killed Eustachio
  3941 | D:4      | Reached skill level 5 in Spellcasting
  3941 | D:4      | Reached XP level 7. HP: 16/49 MP: 0/0
  3941 | D:4      | Learned a level 3 spell: Mephitic Cloud
  4234 | D:4      | Noticed Grinder
  4242 | D:4      | Killed Grinder
  4537 | D:4      | Reached skill level 6 in Spellcasting
  4724 | D:4      | Noticed Edmund
  4736 | D:4      | Slain by Edmund

Illustrated notes

Levels and vault maps discovered:
D:1:      ncdulo_smallfort, layout_basic, ebering_ecumenical_altar_box,
          chequers_serial_rivers_micro_d
D:2:      layout_rooms, uniq_natasha
D:3:      layout_loops_ring, nicolae_ru_great_annihilating_truth, serial_shops,
          nicolae_square_shop
D:4:      layout_cave_pools, grunt_decor_mini_mirrors,
          nicolae_underground_beach, uniq_eustachio, uniq_grinder,
          uniq_blork_the_orc, uniq_edmund

Skill      XL: |  1  2  3  4  5  6  7 |
---------------+----------------------+-----
Spellcasting   | 3 4 5 6 |  6.0
Fighting       | 1 2 |  2.3
Stealth        | 2 |  2.2
Dodging        | |  2.6

Action                   |  1- 3 |  4- 6 |  7- 9 || total
-------------------------+-------+-------+-------++-------
Melee: Short sword       |       |    12 |       ||    12
 Cast: Foxfire           |    83 |    43 |    39 ||   165
       Scorch            |       |    23 |     8 ||    31
       Flame Wave        |       |     1 |       ||     1
       Mephitic Cloud    |       |       |     1 ||     1
  Use: Scroll            |       |     4 |       ||     4
 Stab: Sleeping          |       |     1 |       ||     1
Armor: Robe              |       |     3 |       ||     3
Dodge: Dodged            |     9 |    17 |     2 ||    28

Table legend: (Time is in decaauts)
 A = Elapsed time spent in this place.
 B = Non-inter-level travel time spent in this place.
 C = Inter-level travel time spent in this place.
 D = Time resting spent in this place.
 E = Time spent auto-exploring this place.
 F = Levels seen in this place.
 G = Mean time per level.
                   A        B        C        D        E       F      G
               +--------+--------+--------+--------+--------+-----+--------+
         Total |   4734 |   4665 |     69 |    202 |   3988 |   4 | 1183.5 |
       Dungeon |   4734 |   4665 |     69 |    202 |   3988 |   4 | 1183.5 |
               +--------+--------+--------+--------+--------+-----+--------+

Top non-repeatable levels by time:
     D:1: 1841 daAuts
     D:3: 1383 daAuts
     D:2: 905 daAuts
     D:4: 604 daAuts
